 Dungeon Crawl Stone Soup version 0.30-a0-883-g5ad918d77d (webtiles) character file.

Game seed: 4301281312475918871

78 Dittersdorf the Trooper (level 4, -11/29 HPs)
             Began as a Gargoyle Fighter on Mar 15, 2023.
             Was an Initiate of Okawaru.
             Mangled by an ogre
             ... wielding a +0 giant club
              (28 damage)
             ... on level 3 of the Dungeon.
             The game lasted 00:04:06 (2389 turns).

Dittersdorf the Trooper (Gargoyle Fighter)          Turns: 2389, Time: 00:04:06

Health: -11/29     AC: 14    Str: 21    XL:     4   Next: 36%
Magic:  4/4        EV:  6    Int:  9    God:    Okawaru [......]
Gold:   210        SH:  9    Dex:  9    Spells: 3/3 levels left

rFire   . . .      SeeInvis .    a - +0 flail
rCold   . . .      Faith    .    u - +1 kite shield
rNeg    + . .      Spirit   .    j - +0 chain mail
rPois   ∞          Reflect  .    (no helmet)
rElec   +          Rampage  .    p - +0 cloak
rCorr   .                        (no gloves)
Will    .....                    (no boots) Stlth
                                 (no amulet)
HPRegen 0.24/turn                s - ring of wizardry
MPRegen 0.09/turn                (no ring)

@: no status effects
A: sickness immunity, AC +3, negative energy resistance 1, electricity
resistance, torment resistance 1, petrification resistance
a: Renounce Religion


You were on level 3 of the Dungeon.
You worshipped Okawaru.
Okawaru was noncommittal.
You visited 1 branch of the dungeon, and saw 4 of its levels.

You collected 210 gold pieces.

Inventory:

Hand Weapons
 a - a +0 flail (weapon)
Armour
 j - a +0 chain mail (worn)
 p - a +0 cloak (worn)
 u - a +1 kite shield (worn)
Jewellery
 s - a ring of wizardry (left hand)
Scrolls
 f - 3 scrolls of fear
 g - a scroll of fog
 k - a scroll of teleportation
Potions
 b - a potion of haste
 d - 2 potions of might
 l - a potion of flight
 m - 2 potions of brilliance {unknown}
 o - a potion of heal wounds {unknown}
 q - a potion of attraction {unknown}
 r - a potion of curing {unknown}


   Skills:
 + Level 4.0 Fighting
 + Level 2.8 Maces & Flails
 + Level 3.9 Armour
 + Level 3.9 Shields


You had 3 spell levels left.
You didn't know any spells.
Your spell library contained the following spells:

 Spells                   Type           Power      Damage    Failure   Level
 Lesser Beckoning         Tloc           0%         N/A       99%         2
 Gell's Gravitas          Tloc           0%         N/A       100%        3
 Teleport Other           Tloc           0%         N/A       100%        3


Dungeon Overview and Level Annotations

Branches:
Dungeon (4/15)
 Temple: D:4-7

Altars:
Okawaru
Ru
Sif Muna

Shops:
D:3 *

Annotations:
D:2 Sigmund


Innate Abilities, Weirdness & Mutations

You are immune to sickness and miasma.
Your stone body is resilient. (AC +3)
You are immune to poison.
You resist negative energy. (rN+)
You are resistant to electric shocks. (rElec)
You are resistant to unholy torment.
You are immune to petrification.


Message History

Things that are here:
a potion of degeneration; a potion of lignification You are starting to lose your buoyancy.
There is a stone staircase leading down here.
You float gracefully downwards.
You see here 2 boomerangs.
Things that are here:
a +0 dagger; 4 stones You see here 2 stones.
Done exploring.
Done exploring.
(D) Dungeon
Where to? (Enter - D:3 @ (x,y), ? - help)
What level of the Dungeon? (default 1, ? - help)
There is a stone staircase leading down here.
You climb downwards.
You hear the sound of rushing water.
There is an entrance to a sewer on this level.
Hurry and find it before the portal rusts away!
The ogre shouts!
The bullfrog croaks.
There is a stone staircase leading up here.
Okay, then.
The ogre closely misses you.
You climb upwards.
There is a stone staircase leading down here.
You hit the ogre.
The ogre is moderately wounded.
You barely miss the ogre.
The ogre is moderately wounded.
The ogre hits you with a +0 giant club!
You hit the ogre but do no damage.
The ogre is moderately wounded.
The ogre hits you but does no damage.
You completely miss the ogre.
The ogre is moderately wounded.
The ogre barely misses you.
You hit the ogre.
The ogre is moderately wounded.
The ogre hits you with a +0 giant club!!
Ouch! That really hurt!
You die...

# #.# #.##..# #........
###.####.##..# #########
.>...........##############......
###......##...#.............#####
# #.######......############# # #
#.#............# ##### #
#.#.####.......# #.... #
#.#.#####......# #.### #
#.(........#.O@# #.# # #
#.#.##########.# #.# # # #.#.#
##.##.# #.# # #.#.######...#.##
#.###
###...............###########.#..
......######..............[.#.#.#
####..# ##.#...######.##.#.#.#
#..# ####.#######.##.#.#.# ####
#......)(......#.#


You could see an ogre.

Vanquished Creatures
  2 worms (D:2)
  A dart slug (D:3)
  An orc (D:3)
  6 bats (D:1)
  3 endoplasms
  10 giant cockroaches (D:2)
  9 goblins
  6 hobgoblins
  2 jackals (D:2)
  5 kobolds
  A quokka (D:2)
  6 ball pythons
  5 frilled lizards
  5 rats (D:1)
62 creatures vanquished.

Notes
Turn   | Place    | Note
-------+----------+-------------------------------------------
     0 | D:1      | Dittersdorf the Gargoyle Fighter began the quest for the
                  | Orb.
     0 | D:1      | Reached XP level 1. HP: 14/14 MP: 1/1
   114 | D:1      | Reached XP level 2. HP: 19/19 MP: 2/2
   862 | D:2      | Reached XP level 3. HP: 23/23 MP: 3/3
   937 | D:2      | Noticed Sigmund
  1304 | D:2      | Reached XP level 4. HP: 29/29 MP: 4/4
  1563 | D:3      | Found a shimmering blue altar of Sif Muna.
  1564 | D:3      | Found a sacrificial altar of Ru.
  1754 | D:3      | Reached skill level 4 in Fighting
  1914 | D:3      | Found Odasor's General Store.
  2073 | D:3      | Identified the +8 falchion of the Egg {elec, rCorr Str+4}
  2120 | D:3      | Found an iron altar of Okawaru.
  2238 | D:3      | Became a worshipper of Warmaster Okawaru
  2382 | D:4      | Noticed an ogre
  2382 | D:4      | Noticed a bullfrog
  2389 | D:3      | Mangled by an ogre

Illustrated notes

Levels and vault maps discovered:
D:1:      minmay_arrival_glassed_features, layout_basic, minmay_bisected
D:2:      minmay_roachtagon, layout_rooms, uniq_sigmund
D:3:      layout_loops_ring, grunt_temple_overflow_open, general_overflow_altar,
          serial_shops, nicolae_shop_stone
D:4:      layout_basic, temple_pool_b, cheibrodos_sewer_entry_bend,
          ebering_ghost_sewer_f

Skill      XL: |  1  2  3  4 |
---------------+-------------+-----
Fighting       | 4 |  4.0
Maces & Flails | |  2.8
Armour         | |  3.9
Shields        | |  3.9

Action                     |  1- 3 |  4- 6 || total
---------------------------+-------+-------++-------
  Melee: Flail             |   163 |    65 ||   228
    Use: Scroll            |       |     9 ||     9
         Potion            |       |     1 ||     1
 Armour: Scale mail        |    52 |       ||    52
         Chain mail        |   109 |    32 ||   141
  Dodge: Dodged            |   102 |    19 ||   121
  Block: Buckler           |    55 |    12 ||    67
         Kite shield       |       |    10 ||    10

Table legend: (Time is in decaauts)
 A = Elapsed time spent in this place.
 B = Non-inter-level travel time spent in this place.
 C = Inter-level travel time spent in this place.
 D = Time resting spent in this place.
 E = Time spent auto-exploring this place.
 F = Levels seen in this place.
 G = Mean time per level.
                   A        B        C        D        E       F      G
               +--------+--------+--------+--------+--------+-----+--------+
         Total |   2469 |   2350 |    119 |    107 |   1446 |   4 |  617.2 |
       Dungeon |   2469 |   2350 |    119 |    107 |   1446 |   4 |  617.2 |
               +--------+--------+--------+--------+--------+-----+--------+

Top non-repeatable levels by time:
     D:1: 1049 daAuts
     D:3: 831 daAuts
     D:2: 586 daAuts
     D:4: 1 daAuts
